 Dungeon Crawl Stone Soup version 0.19-a0-1193-g2641e52 (webtiles) character file.

223 George the Slasher (level 5, -10/45 HPs)
             Began as a Minotaur Fighter on Aug 19, 2016.
             Killed by divine providence
             ... invoked by an orc priest
              (12 damage)
             ... on level 3 of the Dungeon.
             The game lasted 00:03:02 (2849 turns).

George the Slasher (Minotaur Fighter)               Turns: 2849, Time: 00:03:03

Health: -10/45     AC:  8    Str: 21    XL:     5   Next: 66%
Magic:  4/4        EV:  7    Int:  5    God:
Gold:   154        SH:  9    Dex: 10    Spells: 0 memorised, 4 levels left

rFire  . . .     SeeInvis .     a - +0 long sword
rCold  . . .     Gourm    .     b - +0 scale mail
rNeg   . . .     Faith    .     c - +0 shield
rPois  .         Spirit   .     (helmet restricted)
rElec  .         Dismiss  .     (no cloak)
rCorr  .         Reflect  .     (no gloves)
MR     .....     Harm     .     q - +0 pair of boots
Stlth  ..........               (no amulet)
                                (no ring)
                                (no ring)

@: no status effects
A: retaliatory headbutt, horns 2
a: no special abilities


You were on level 3 of the Dungeon.
You were not hungry.

You visited 1 branch of the dungeon, and saw 3 of its levels.

You collected 154 gold pieces.

Inventory:

Hand Weapons
 a - a +0 long sword (weapon)
Armour
 b - a +0 scale mail (worn)
 c - a +0 shield (worn)
 q - a +0 pair of boots (worn)
Jewellery
 l - an uncursed ring of fire
Scrolls
 g - 3 scrolls of identify {unknown}
 h - a scroll of random uselessness {unknown}
 i - a scroll of noise {unknown}
 j - 2 scrolls of teleportation {unknown}
 o - a scroll of enchant weapon {unknown}
 t - a scroll of amnesia {unknown}
Potions
 d - a potion of might
 e - 4 potions of curing {unknown}
 k - a potion of lignification {unknown}
 m - a potion of degeneration {unknown}
 n - a potion of resistance {unknown}
 p - 2 potions of heal wounds {unknown}
 r - a potion of haste {unknown}
Comestibles
 f - a bread ration
 s - a beef jerky


   Skills:
 - Level 3.6 Fighting
 + Level 7.2 Long Blades
 - Level 3.6 Armour
 - Level 3.6 Shields


You had 4 spell levels left.
You didn't know any spells.

Dungeon Overview and Level Annotations

Branches:
Dungeon (3/15)

Altars:
Fedhas
Gozag
Qazlal
Vehumet


Innate Abilities, Weirdness & Mutations

You reflexively headbutt those who attack you in melee.
You have a pair of horns on your head.


Message History

The orc priest is moderately wounded.
The orc priest hits you with a mace.
* * * LOW HITPOINT WARNING * * *
You barely miss the orc priest.
The orc priest is moderately wounded.
The orc priest hits you but does no damage.
An orc comes into view.
You hit the orc priest.
The orc priest is severely wounded.
You block the orc priest's attack.
You closely miss the orc priest.
The orc priest is severely wounded.
The orc priest invokes the aid of Beogh against you.
Beogh smites you!
* * * LOW HITPOINT WARNING * * *
Your shield and scale mail prevent you from hitting the orc priest.
The orc priest is severely wounded.
The orc priest invokes the aid of Beogh against you.
Beogh smites you!
You die...

#.###.##P..⌠...
...#...# P....
###.##.## ._.
##......###P#
#.###..#.##.# ..#
#.......#
#.###..#.####
............#######.#
................@oo.#
###.###.###.#########
###.# #.# #.# ..<.#
#.# #.# ##### #.# #.#
# #.# #.# # #.# #.# #
#.# #.### # #.# #...#


You could see an orc priest and an orc.

Vanquished Creatures
  An orc wizard (D:3)
  An orc priest (D:3)
  4 gnolls
  5 adders
  An ooze (D:3)
  2 worms (D:2)
  A dart slug (D:1)
  11 orcs
  7 bats
  2 giant cockroaches (D:3)
  6 goblins
  3 hobgoblins
  4 jackals
  3 ball pythons (D:2)
  A giant newt (D:2)
  3 kobolds
  6 rats
61 creatures vanquished.

Notes
Turn   | Place    | Note
-------+----------+-------------------------------------------
     0 | D:1      | George the Minotaur Fighter began the quest for the Orb.
     0 | D:1      | Reached XP level 1. HP: 19/19 MP: 0/0
   106 | D:1      | Reached skill level 3 in Long Blades
   283 | D:1      | Reached XP level 2. HP: 26/26 MP: 1/1
   756 | D:2      | Reached skill level 4 in Long Blades
   778 | D:2      | Found a radiant altar of Vehumet.
  1033 | D:2      | Reached XP level 3. HP: 31/31 MP: 2/2
  1669 | D:3      | Reached skill level 5 in Long Blades
  1726 | D:3      | Reached XP level 4. HP: 30/39 MP: 3/3
  2032 | D:3      | Reached skill level 6 in Long Blades
  2154 | D:3      | Found a stormy altar of Qazlal.
  2198 | D:3      | Found an opulent altar of Gozag.
  2254 | D:3      | Reached XP level 5. HP: 45/45 MP: 4/4
  2651 | D:3      | Found a blossoming altar of Fedhas.
  2838 | D:3      | Reached skill level 7 in Long Blades
  2848 | D:3      | HP: 2/45 [orc priest/divine providence (12)]
  2849 | D:3      | Killed from afar by an orc priest

Vault maps used:
D:1:      dpeg_arrival_arbitrary_c
D:2:      vehumet_crystals
D:3:      gammafunk_temple_overflow_statue, overflow_temple_1_default,
          nicolae_gozag_cash_rules_everything_around_me,
          gammafunk_temple_overflow_forgotten

Skill      XL: |  1  2  3  4  5 |
---------------+----------------+-----
Long Blades    | 3 4 5 6 7 |  7.2
Fighting       | |  3.6
Armour         | |  3.6
Shields        | |  3.6

Action                   |  1- 3 |  4- 6 || total
-------------------------+-------+-------++-------
Melee: Long sword        |    88 |    92 ||   180
       Headbutt          |    16 |    10 ||    26
  Eat: Chunk             |     3 |     3 ||     6
Armor: Scale mail        |    32 |    22 ||    54
Dodge: Dodged            |    25 |    26 ||    51
Block: Shield            |    40 |    46 ||    86
